 Dungeon Crawl Stone Soup version 0.27-a0-1502-g47ed6a6988 (webtiles) character file.

Game seed: 8983245898079688913

48 Kold the Chiller (level 3, -6/24 HPs)
             Began as a Mummy Ice Elementalist on July 9, 2021.
             Mangled by an orc priest (10 damage)
             ... on level 3 of the Dungeon.
             The game lasted 00:02:21 (2562 turns).

Kold the Chiller (Mummy Ice Elementalist)           Turns: 2562, Time: 00:02:22

Health: -6/24      AC:  2    Str: 11    XL:     3   Next: 50%
Magic:  8/8        EV: 12    Int: 15    God:
Gold:   80         SH:  0    Dex: 12    Spells: 8/9 levels left

rFire    . . .     SeeInvis .   c - +1 whip (vamp)
rCold    . . .     Faith    .   (no shield)
rNeg     + + +     Spirit   .   a - +0 robe
rPois    ∞         Reflect  .   (no helmet)
rElec    .         Harm     .   (no cloak)
rCorr    .         Rampage  .   (no gloves)
Will     .....                  (no boots)
Stlth    ++........             (no amulet)
HPRegen  0.08/turn              f - ring of fire
MPRegen  0.11/turn              (no ring)

@: no status effects
A: cold resistance 1, negative energy resistance 3, torment resistance 2, heat
vulnerability 1, no potions
a: no special abilities


You were on level 3 of the Dungeon.
You visited 1 branch of the dungeon, and saw 3 of its levels.

You collected 80 gold pieces.

Inventory:

Hand Weapons
 c - a +1 vampiric whip (weapon)
Armour
 a - a +0 robe (worn)
Magical Staves
 h - a staff of death
Jewellery
 f - a ring of fire (left hand)
 k - a ring of fire
Scrolls
 b - a scroll of brand weapon {unknown}
 d - a scroll of identify {unknown}
 e - a scroll of fog {unknown}
 g - a scroll of noise {unknown}
 i - a scroll of fear {unknown}
 j - a scroll of amnesia {unknown}


   Skills:
 - Level 2.0 Dodging
 - Level 2.0 Stealth
 + Level 3.5 Spellcasting
 + Level 3.7 Ice Magic


You had 8 spell levels left.
You knew the following spells:

 Your Spells              Type           Power      Damage    Failure   Level
a - Freeze                Ice            52%        1d7       4%          1

Your spell library contained the following spells:

 Spells                   Type           Power      Damage    Failure   Level
 Frozen Ramparts          Ice            26%        1d4       12%         3
 Ozocubu's Armour         Ice            13%        N/A       12%         3
 Hailstorm                Conj/Ice       8%         3d4       65%         4


Dungeon Overview and Level Annotations

Branches:
Dungeon (3/15)

Altars:

Shops:
D:2 [


Innate Abilities, Weirdness & Mutations

You are immune to poison.
Your flesh is cold resistant. (rC+)
You are immune to negative energy. (rN+++)
You are immune to unholy pain and torment.
You are vulnerable to heat. (rF-)
You do not drink.


Message History

A jackal comes into view.
The jackal barks!
The jackal misses you.
You barely miss the jackal. The jackal barely misses you. The jackal bites you.
Casting: Freeze (safe; 4% risk of failure)
Confirm with . or Enter, or press ? or * to list all spells.
Aiming: Freeze (safe; 4% risk of failure)
Press: ? - help, Shift-Dir - straight line, f - jackal
Aim: a jackal You freeze the jackal.
You kill the jackal!
Casting: Freeze (safe; 4% risk of failure)
Confirm with . or Enter, or press ? or * to list all spells.
You can't see any susceptible monsters within range! (Use Z to cast anyway.)
Casting: Freeze (safe; 4% risk of failure)
Confirm with . or Enter, or press ? or * to list all spells.
You can't see any susceptible monsters within range! (Use Z to cast anyway.)
You can't see any susceptible monsters within range! (Use Z to cast anyway.)
You hear the rusting of a very distant drain.
An orc, an orc priest and an orc wizard come into view.
The orc wizard shouts!
The orc wizard mumbles some strange words.
The orc wizard flickers and vanishes!
Deactivating autopickup; reactivate with Ctrl-A.
The orc priest calls down the wrath of Beogh upon you.
Beogh smites you!
Ouch! That really hurt!
The orc moves out of view.
You hear a shout!
The orc priest begins to cast a cantrip, but forgets the words!
You are confused.
You bump into the rock wall.
You bump into the rock wall.
The orc priest hits you with a +0 war axe.
* * * LOW HITPOINT WARNING * * *
There is a stone staircase leading down here.
You hear the brisk rusting of a very distant drain.
You feel less confused.
The orc priest hits you with a +0 war axe!
You die...

.......# ### '####### ....#.#
#.. .......# ...#.# #^#
.......# ..#.# #.## .......#
#.#.# #..# .......# #...#
#..###### .......# #..#
#.......{ .......#
######..#####..#####.
...######.......@o............
...# #.......####.#.######.
...# #.......# #.#.# ...#
##.......# #.#.# '###
#........# #.#.. .# #........#
#.### .# ####...(....# #.# <#
#...........# #.# ##
#.###(......# #.#


You could see an orc priest.

Vanquished Creatures
  A dart slug (D:3)
  3 ball pythons
  4 endoplasms
  A giant cockroach (D:1)
  3 goblins
  2 hobgoblins (D:1)
  7 jackals
  5 kobolds
  2 quokkas
  5 bats
  A frilled lizard (D:1)
  8 rats
42 creatures vanquished.

Notes
Turn   | Place    | Note
-------+----------+-------------------------------------------
     0 | D:1      | Kold the Mummy Ice Elementalist began the quest for the
                  | Orb.
     0 | D:1      | Reached XP level 1. HP: 13/13 MP: 4/4
   487 | D:1      | Reached XP level 2. HP: 13/19 MP: 0/5
  1294 | D:1      | Found a faded altar of an unknown god.
  1587 | D:2      | Reached XP level 3. HP: 24/24 MP: 4/7
  1949 | D:2      | Found Coneaf's Antique Armour Emporium.
  2562 | D:3      | Mangled by an orc priest

Illustrated notes

Levels and vault maps discovered:
D:1:      dpeg_arrival_stone_temple_mockup, layout_basic,
          hellmonk_ecumenical_altar_dog_temple
D:2:      layout_basic, serial_shops, shop, minmay_pentomino_q4
D:3:      layout_basic, lightli_sewer_entry_pipes, uniq_sigmund

Skill      XL: |  1  2 |
---------------+-------+-----
Spellcasting   | 3 |  3.5
Stealth        | 2 |  2.0
Dodging        | 2 |  2.0
Ice Magic      | |  3.7

Action                   || total
-------------------------++-------
Melee: Short sword       ||     3
       Whip              ||    28
 Cast: Freeze            ||    57
Armor: Robe              ||     8
Dodge: Dodged            ||    48

Table legend: (Time is in decaauts)
 A = Elapsed time spent in this place.
 B = Non-inter-level travel time spent in this place.
 C = Inter-level travel time spent in this place.
 D = Time resting spent in this place.
 E = Time spent auto-exploring this place.
 F = Levels seen in this place.
 G = Mean time per level.
                   A        B        C        D        E       F      G
               +--------+--------+--------+--------+--------+-----+--------+
         Total |   2565 |   2439 |    126 |    155 |   2006 |   3 |  855.0 |
       Dungeon |   2565 |   2439 |    126 |    155 |   2006 |   3 |  855.0 |
               +--------+--------+--------+--------+--------+-----+--------+

Top non-repeatable levels by time:
     D:1: 1580 daAuts
     D:2: 732 daAuts
     D:3: 252 daAuts
